[Event "Titled Tuesday Blitz May 10 Late 2022"]
[White "Koellner, Ruben Gideon"]
[Black "Lorenzo De La Riva, Lazaro"]
[WhiteFideId "12993093"]
[BlackFideId "2268809"]
[WhiteElo "2616"]
[BlackElo "2325"]
[Result "1-0"]
[Round "03"]
[TimeControl "180+1"]
[Date "2022.05.11"]
[WhiteClock "0:00:07"]
[BlackClock "0:00:08"]

1. d4 d5 2. c4 c6 3. cxd5 cxd5 4. Nc3 Nf6 5. f3 Qb6 6. e4 dxe4 7. fxe4 e5 8. Bb5+ Nc6 9. d5 a6 10. Ba4 Bc5 11. Nf3 O-O 12. dxc6 bxc6 13. Qb3 Qa7 14. Bg5 Ng4 15. Qc2 h6 16. Bd2 Bf2+ 17. Ke2 Be6 18. Bb3 Rad8 19. Rhf1 Be3 20. Rad1 a5 21. Qc1 Qa6+ 22. Ke1 Ba7 23. h3 Nf6 24. Bxe6 fxe6 25. Be3 Rxd1+ 26. Nxd1 Nxe4 27. Bxa7 Qxa7 28. Qe3 Nc5 29. Nxe5 Rxf1+ 30. Kxf1 Qa6+ 31. Qe2 Qb7 32. Nd3 Nxd3 33. Qxd3 e5 34. Qc4+ Kh8 35. b3 Qd7 36. Ke2 Qf5 37. Ne3 Qb1 38. Qc2 Qa1 39. a4 Qd4 40. Qxc6 e4 41. Qc4 Qb2+ 42. Qc2 Qd4 43. Qc8+ Kh7 44. Qc4 Qb2+ 45. Qc2 Qd4 46. Nc4 Kh8 47. Nd2 e3 48. Nf3 Qf4 49. Qc8+ Kh7 50. Qc3 Qg3 51. Qc2+ Kh8 52. Kxe3 Kg8 53. Qc4+ Kh8 54. Qc8+ Kh7 55. Qg4 Qb8 56. Qe4+ Kh8 57. Nd4 Qg3+ 58. Kd2 Qf2+ 59. Kc3 Qa2 60. Qe8+ Kh7 61. Qe4+ Kh8 62. Qa8+ Kh7 63. Qxa5 Qa1+ 64. Kc4 Qf1+ 65. Kc5 Qxg2 66. Kb4 Qd2+ 67. Kb5 Qxd4 68. Qb4 Qd5+ 69. Kb6 Qe6+ 70. Kc7 Qf7+ 71. Kc6 Qe6+ 72. Kc5 Qe7+ 73. Kc4 Qe4+ 74. Kc3 Qe1+ 75. Kc4 Qe4+ 76. Kb5 Qd5+ 77. Kb6 Qe6+ 78. Ka5 Qd5+ 79. Qb5 Qd8+ 80. Kb4 Qd2+ 81. Kc4 Qc2+ 82. Kd5 Qf5+ 83. Kc6 Qe6+ 84. Kb7 Qe7+ 85. Ka6 Qd6+ 86. Qb6 Qd3+ 87. Ka5 Qc3+ 88. b4 Qxh3 89. Qc6 Qd3 90. b5 Qd8+ 91. b6 h5 92. Ka6 Qd3+ 93. Qb5 Qd6 94. Ka7 Qd4 95. Ka8 Qd8+ 96. Ka7 Qd4 97. Qxh5+ Kg8 98. Qb5 Kh7 99. a5 Kh6 100. Ka6 g5 101. b7 Qd6+ 102. Qb6 Qxb6+ 103. Kxb6 1-0


[Site "https://www.chess.com"]

[Event "Titled Tuesday Blitz May 10 Late 2022"]
[White "Koridze, Lile"]
[Black "Ibarra Jerez, Jose Carlos"]
[WhiteFideId "13612514"]
[BlackFideId "2226332"]
[WhiteElo "2050"]
[BlackElo "2626"]
[Result "0-1"]
[Round "03"]
[TimeControl "180+1"]
[Date "2022.05.10"]
[WhiteClock "0:02:07"]
[BlackClock "0:00:29"]

1. d4 Nf6 2. c4 d6 3. Nc3 e5 4. dxe5 dxe5 5. Qc2 Nc6 6. e3 Nb4 7. Qb3 Bf5 8. e4 Nxe4 9. a3 Nc5 10. Qxb4 a5 11. Bg5 f6 12. Rd1 Qxd1+ 13. Nxd1 axb4 14. axb4 Nd3+ 15. Bxd3 Bxd3 16. Bd2 Bxc4 17. Nf3 Ra1 18. Bc3 Bb3 19. Ke2 Bd6 20. Nd2 Bxd1+ 21. Rxd1 Rxd1 22. Kxd1 Kd7 23. Nc4 Ra8 24. Ke2 b5 25. Ne3 c6 26. Nf5 g6 27. Ne3 Ke6 28. f3 f5 29. Nc2 e4 30. fxe4 fxe4 31. Ke3 Kd5 32. g3 Be5 33. Ke2 Bxc3 34. bxc3 Kc4 35. Kd2 Ra2 36. Kc1 Kxc3 0-1


[Site "https://www.chess.com"]

[Event "Titled Tuesday Blitz May 10 Late 2022"]
[White "Koutlas, Nikolaos"]
[Black "Erdogdu, Mert"]
[WhiteFideId "25827138"]
[BlackFideId "6301495"]
[WhiteElo "1645"]
[BlackElo "2451"]
[Result "0-1"]
[Round "03"]
[TimeControl "180+1"]
[Date "2022.05.11"]
[WhiteClock "0:00:03"]
[BlackClock "0:00:17"]

1. b4 e5 2. Bb2 Bxb4 3. Bxe5 Nf6 4. Nf3 O-O 5. e3 d5 6. c4 Nc6 7. Bb2 Re8 8. cxd5 Nxd5 9. Bc4 Be6 10. Bb3 Nf4 11. O-O Nd3 12. Bc3 a5 13. Bc2 Bc4 14. a3 Bxc3 15. Nxc3 b5 16. Rb1 Rb8 17. Bb3 Qd6 18. a4 Bxb3 19. Rxb3 b4 20. Nb5 Qd7 21. Nbd4 Nc5 22. Rb1 Nxd4 23. Nxd4 Ra8 24. Qh5 Nxa4 25. Ra1 c5 26. Nb3 c4 27. Nxa5 c3 28. dxc3 Nxc3 29. g3 g6 30. Qc5 Rab8 31. Nb3 Qb7 32. f3 Rbc8 33. Qd4 Ne2+ 34. Kf2 Nxd4 35. Nxd4 Rc3 36. Rfb1 Rcxe3 0-1


[Site "https://www.chess.com"]

[Event "Titled Tuesday Blitz May 10 Late 2022"]
[White "Koziorowicz, Michal"]
[Black "Jones, Gawain C B"]
[WhiteFideId "21809194"]
[BlackFideId "409561"]
[WhiteElo "2219"]
[BlackElo "2657"]
[Result "0-1"]
[Round "03"]
[TimeControl "180+1"]
[Date "2022.05.10"]
[WhiteClock "0:00:04"]
[BlackClock "0:00:10"]

1. e4 Nf6 2. Nc3 d5 3. exd5 Nxd5 4. Bc4 c6 5. Qf3 e6 6. Nge2 Nd7 7. d4 Nxc3 8. bxc3 Bd6 9. O-O Qc7 10. Qh3 e5 11. Qh4 b6 12. Ng3 Nf6 13. Bg5 Be7 14. Rfe1 Be6 15. Bxe6 fxe6 16. dxe5 Nd5 17. c4 Nb4 18. Bxe7 Qxe7 19. Qe4 O-O 20. a3 Na6 21. Qxc6 Rac8 22. Qe4 Nc5 23. Qg4 Qf7 24. Re2 Rfd8 25. Rf1 Qg6 26. Qh4 Qf7 27. Re3 Rd7 28. Nh5 Qe7 29. Qg4 Kh8 30. Rh3 Qf7 31. Nf4 Kg8 32. Qh4 g6 33. Rf3 Qg7 34. Re3 Rf8 35. Nh3 Rf5 36. f4 h6 37. Qg4 Rf8 38. Nf2 Qf7 39. Ne4 Nxe4 40. Rxe4 Rd2 41. Re2 Rfd8 42. h3 h5 43. Qf3 Kg7 44. Ref2 Qd7 45. Qg3 Qd4 46. Kh2 Rxf2 47. Rxf2 Qe4 48. Qg5 Rf8 49. Qe7+ Rf7 50. Qxe6 Rxf4 51. Qe7+ Kh6 52. Rd2 Rf5 53. Qb4 Qf4+ 54. g3 Qf1 55. Qc3 Rf3 56. Qd4 Qe1 57. Rg2 Rf1 58. Qd2+ Qxd2 59. Rxd2 Re1 60. Rd7 Rxe5 61. Rxa7 Re2+ 62. Kg1 Rxc2 63. Rb7 Rc3 64. Kf2 Rc2+ 65. Kf3 Rc3+ 66. Kg2 Rc2+ 67. Kf3 Rxc4 68. Rxb6 Rc3+ 69. Kf4 Rxa3 70. g4 Rxh3 71. gxh5 Kxh5 72. Rb8 g5+ 73. Kf5 Rf3+ 74. Ke4 g4 75. Rh8+ Kg5 76. Rh7 Rf8 77. Ke3 g3 78. Rg7+ Kh4 79. Rh7+ Kg4 80. Ke2 g2 81. Rg7+ Kh3 82. Rh7+ Kg3 83. Rg7+ Kh2 84. Rh7+ Kg1 85. Rg7 Re8+ 86. Kf3 Kf1 87. Ra7 Rf8+ 88. Ke4 g1=Q 89. Ra1+ Kg2 90. Ra2+ Qf2 91. Ra8 0-1


[Site "https://www.chess.com"]

[Event "Titled Tuesday Blitz May 10 Late 2022"]
[White "Krstulovic, Alex"]
[Black "Bazeev, German"]
[WhiteFideId "760056"]
[BlackFideId "24119350"]
[WhiteElo "2526"]
[BlackElo "2798"]
[Result "0-1"]
[Round "03"]
[TimeControl "180+1"]
[Date "2022.05.11"]
[WhiteClock "0:00:01"]
[BlackClock "0:00:03"]

1. e4 c6 2. d4 d5 3. exd5 cxd5 4. Bd3 Nc6 5. c3 g6 6. Bf4 Nf6 7. Nf3 Bf5 8. Na3 e6 9. Nc2 h5 10. Bg5 Be7 11. Ne3 Ne4 12. Bxe7 Qxe7 13. Qe2 Nd6 14. O-O-O O-O-O 15. Nxf5 gxf5 16. Ne5 Qc7 17. Kb1 Kb8 18. f3 Nxe5 19. dxe5 Nc8 20. Rhe1 Ne7 21. Qf2 h4 22. g3 hxg3 23. hxg3 Rdg8 24. g4 fxg4 25. fxg4 Rg7 26. Qf6 Rhg8 27. Rh1 Nc6 28. Bh7 Qxe5 29. Qxe5+ Nxe5 30. Bxg8 Rxg8 31. Rde1 Nc4 32. Rh7 Nd6 33. Rg1 Rg5 34. Rh5 Rg7 35. g5 Kc7 36. g6 fxg6 37. Rhg5 Kc6 38. Rxg6 Re7 39. Re1 Ne4 40. Kc2 Kd6 41. Re3 b5 42. Rh3 Rf7 43. Rh2 a5 44. a4 bxa4 45. Rg1 Nc5 46. Re1 Rf6 47. Ree2 Rg6 48. Rh8 Rg3 49. Ra8 a3 50. bxa3 Ne4 51. Ra6+ Ke5 52. Rxa5 Rxc3+ 53. Kb2 Rc8 54. Ra6 Rb8+ 55. Kc2 Rc8+ 56. Kb2 Rh8 57. Rb6 Ra8 58. Kb3 Kd4 59. Kb4 Rc8 0-1


[Site "https://www.chess.com"]

[Event "Titled Tuesday Blitz May 10 Late 2022"]
[White "Kujawski, Adam"]
[Black "Petrovic, Aleksa"]
[WhiteFideId "1100920"]
[BlackFideId "967629"]
[WhiteElo "1982"]
[BlackElo "2144"]
[Result "0-1"]
[Round "03"]
[TimeControl "180+1"]
[Date "2022.05.11"]
[WhiteClock "0:00:03"]
[BlackClock "0:00:02"]

1. e4 e6 2. d4 d5 3. Nc3 h6 4. h4 Nf6 5. e5 Nfd7 6. f4 c5 7. Nf3 Nc6 8. Be3 Be7 9. f5 cxd4 10. Nxd4 Ndxe5 11. fxe6 fxe6 12. Qh5+ g6 13. Nxc6 gxh5 14. Nxd8 Kxd8 15. O-O-O Ng4 16. Nxd5 exd5 17. Rxd5+ Kc7 18. Bf4+ Kc6 19. Rxh5 a6 20. Be2 Nf6 21. Bf3+ Kb6 22. Be3+ Kc7 23. Bf4+ Kd8 24. Rd1+ Ke8 25. Rxh6 Rxh6 26. Bxh6 Bg4 27. Bg5 Bxf3 28. gxf3 Kf7 29. Re1 Nd5 30. Bxe7 Nxe7 31. Re4 Rg8 32. c3 Rg3 33. Rf4+ Ke6 34. a4 Nd5 35. Re4+ Kd6 36. c4 Nb4 37. h5 Rxf3 38. Rh4 Rf7 39. h6 Rh7 40. Kd2 Nc6 41. Kc3 Ne5 42. b4 Nf7 43. c5+ Kc6 44. Kc4 Rxh6 45. b5+ axb5+ 46. axb5+ Kc7 47. Rf4 Ne5+ 48. Kd5 Nd7 49. b6+ Kc8 50. Rf7 Rh5+ 51. Kd6 Rh6+ 52. Kd5 Rc6 0-1


[Site "https://www.chess.com"]

[Event "Titled Tuesday Blitz May 10 Late 2022"]
[White "Ladan, Nicholas"]
[Black "Roberson, Peter T"]
[WhiteFideId "30918855"]
[BlackFideId "412384"]
[WhiteElo "2167"]
[BlackElo "2346"]
[Result "0-1"]
[Round "03"]
[TimeControl "180+1"]
[Date "2022.05.11"]
[WhiteClock "0:00:03"]
[BlackClock "0:00:17"]

1. d4 e6 2. Nf3 b6 3. g3 Bb7 4. Bg2 Nf6 5. c4 c5 6. d5 exd5 7. Nh4 g6 8. O-O Bg7 9. Nc3 O-O 10. cxd5 d6 11. e4 Nbd7 12. f4 Re8 13. Qd3 a6 14. a4 b5 15. axb5 axb5 16. Rxa8 Qxa8 17. Qxb5 Ba6 18. Qa4 Bxf1 19. Qxa8 Rxa8 20. Bxf1 Ra1 21. Bd2 Ng4 22. Nf3 c4 23. h3 Ngf6 24. Be3 Nh5 25. Bf2 Kf8 26. Kg2 Bxc3 27. bxc3 Nhf6 28. Bxc4 Nxe4 29. Bd4 Rc1 30. Bb5 Ndc5 31. c4 Rc2+ 32. Kf1 Nxg3+ 33. Ke1 Nd3+ 34. Kd1 Ra2 35. Ne1 Nxf4 36. Nc2 Nf5 37. Bf6 Nxh3 38. Nb4 Rg2 39. Nc6 Nf2+ 40. Kc1 Ne4 41. Bd4 Nxd4 42. Nxd4 h5 43. Bc6 h4 44. c5 Nxc5 45. Nf3 h3 0-1


[Site "https://www.chess.com"]

[Event "Titled Tuesday Blitz May 10 Late 2022"]
[White "Lehtosaari, Mauri"]
[Black "Matinian, Nikita"]
[WhiteFideId "501999"]
[BlackFideId "24129100"]
[WhiteElo "2514"]
[BlackElo "2422"]
[Result "0-1"]
[Round "03"]
[TimeControl "180+1"]
[Date "2022.05.11"]
[WhiteClock "0:00:06"]
[BlackClock "0:00:05"]

1. d4 Nf6 2. Nf3 g6 3. Bg5 Bg7 4. Nbd2 d5 5. e3 c6 6. Be2 O-O 7. O-O Nbd7 8. c4 h6 9. Bxf6 Nxf6 10. Rc1 Bf5 11. a3 Rc8 12. Qb3 Qb6 13. c5 Qxb3 14. Nxb3 Ne4 15. Na5 Rc7 16. b4 a6 17. a4 g5 18. h3 Ra8 19. Rfd1 e6 20. Ne5 f6 21. Nf3 h5 22. Nd2 h4 23. Nxe4 Bxe4 24. Bg4 Kf7 25. Bh5+ Ke7 26. Be2 Bg6 27. Nb3 Be8 28. Nd2 e5 29. Bg4 a5 30. Rb1 axb4 31. Rxb4 Ra7 32. Bf5 e4 33. Rdb1 Bd7 34. Bxd7 Kxd7 35. Kf1 f5 36. Ke2 Kc8 37. R1b3 Re7 38. Nb1 f4 39. Nc3 Rf7 40. Rb6 f3+ 41. Kf1 Bf6 42. R6b4 Bd8 43. Rb1 Ba5 44. R4b3 Bxc3 45. Rxc3 Rxa4 46. Rcb3 fxg2+ 47. Kxg2 Ra2 48. R1b2 Rxb2 49. Rxb2 Kc7 50. Ra2 Rf8 51. Ra3 Rb8 52. Ra2 b6 53. cxb6+ Rxb6 54. Ra7+ Rb7 55. Ra8 Rb2 56. Rg8 c5 57. dxc5 Kc6 58. Rxg5 Kxc5 59. Rg4 Kc4 60. Rxh4 Kd3 61. Rf4 d4 62. Rf8 dxe3 63. Rd8+ Ke2 64. fxe3 Kxe3+ 65. Kg3 Rd2 66. Re8 Kd3 67. h4 e3 68. h5 Rd1 69. Kg4 Rg1+ 70. Kf5 e2 71. h6 Rh1 72. Kg6 Rg1+ 73. Kh7 Rg3 74. Kh8 Re3 75. Rd8+ Kc4 76. Rc8+ Kd5 77. Rc1 Ke6 78. Re1 Kf7 79. h7 Kg6 80. Rxe2 Rxe2 81. Kg8 Re8# 0-1


[Site "https://www.chess.com"]

[Event "Titled Tuesday Blitz May 10 Late 2022"]
[White "Leschinsky, Gary"]
[Black "Batsiashvili, Nino"]
[WhiteFideId "30951321"]
[BlackFideId "13602993"]
[WhiteElo "1782"]
[BlackElo "2193"]
[Result "0-1"]
[Round "03"]
[TimeControl "180+1"]
[Date "2022.05.11"]
[WhiteClock "0:00:02"]
[BlackClock "0:00:14"]

1. d4 d5 2. c4 e6 3. Nc3 Nf6 4. cxd5 Nxd5 5. e4 Nxc3 6. bxc3 c5 7. Nf3 cxd4 8. cxd4 Bb4+ 9. Bd2 Bxd2+ 10. Qxd2 O-O 11. Bc4 b6 12. O-O Bb7 13. Rfe1 Nd7 14. Rad1 h6 15. Bb3 Qe7 16. Qf4 Qf6 17. Qg3 Rac8 18. h4 Rc3 19. Qd6 Rd8 20. h5 Nf8 21. Qg3 Nh7 22. Qg4 Rdc8 23. Ne5 Ng5 24. f3 Qd8 25. Rf1 b5 26. f4 Nxe4 27. Nxf7 Qf6 28. Bxe6 Kf8 29. Ne5 R8c7 30. Ng6+ Ke8 31. Qf5 Qxf5 32. Bxf5 Kd8 33. Rfe1 Nd6 34. Bh3 Rg3 35. Re6 Ne4 36. Kh2 Re3 37. Ne5 Rc2 38. Nf7+ Kc7 39. Re7+ Kb6 40. Kg1 Rg3 41. Nd8 Bd5 42. Rd7 Nf6 43. Rd6+ Kc7 44. Rxd5 Nxd5 45. Ne6+ Kd6 46. Nc5 Nxf4 47. Ne4+ Kd5 48. Nxg3 Nxh3+ 49. gxh3 Rxa2 50. Nf5 b4 51. Ne3+ Ke4 52. d5 b3 53. Nc4 Rc2 54. d6 Rxc4 55. d7 b2 56. d8=Q Rc1 57. Qe7+ Kf3 58. Qf7+ Ke2 59. Qe6+ Kxd1 60. Qd5+ Kc2+ 61. Kg2 b1=Q 0-1


[Site "https://www.chess.com"]

[Event "Titled Tuesday Blitz May 10 Late 2022"]
[White "Lin, Dachey"]
[Black "Ferreira, Vitor Hugo Vieira"]
[WhiteFideId "2029650"]
[BlackFideId "2119765"]
[WhiteElo "2809"]
[BlackElo "2528"]
[Result "1-0"]
[Round "03"]
[TimeControl "180+1"]
[Date "2022.05.11"]
[WhiteClock "0:00:19"]
[BlackClock "0:00:09"]

1. g4 d5 2. Bg2 Bxg4 3. c4 c6 4. Qb3 Qb6 5. cxd5 Qxb3 6. axb3 cxd5 7. Bxd5 Nc6 8. Nf3 Nf6 9. Bxc6+ bxc6 10. Ne5 Be6 11. Nc3 Bxb3 12. Nxc6 e6 13. d3 Bc5 14. Be3 Bxe3 15. fxe3 a6 16. e4 O-O 17. Na5 Rfb8 18. Ra3 Bc2 19. Kd2 Bxd3 20. exd3 Rxb2+ 21. Kc1 Rg2 22. Ra2 Rg5 23. Nc4 Rd8 24. Rd1 Ng4 25. h3 Nf6 26. Rxa6 Rg3 27. h4 h5 28. Ne5 Rc8 29. Rc6 Ra8 30. Rd2 g5 31. Rf2 gxh4 32. Rxf6 h3 33. Rf2 Rg2 34. Rxg2+ hxg2 35. Nf3 h4 36. Ng1 Ra1+ 37. Nb1 Kg7 38. Rc2 h3 39. Nxh3 g1=Q+ 40. Nxg1 Kf6 41. Nf3 Kg6 42. Rb2 Kh5 43. Kd2 Kg4 44. Ke3 f5 45. Rg2+ Kh3 46. Rh2+ Kg3 47. Nbd2 f4+ 48. Ke2 e5 49. Rh5 Kg4 50. Rg5+ Kh3 51. Ng1+ Kh4 52. Ndf3# 1-0


[Site "https://www.chess.com"]

[Event "Titled Tuesday Blitz May 10 Late 2022"]
[White "Maghsoodloo, Parham"]
[Black "Janaszak, Dawid"]
[WhiteFideId "12539929"]
[BlackFideId "1119206"]
[WhiteElo "2630"]
[BlackElo "2199"]
[Result "1-0"]
[Round "03"]
[TimeControl "180+1"]
[Date "2022.05.10"]
[WhiteClock "0:02:12"]
[BlackClock "0:00:14"]

1. d4 Nf6 2. c4 g6 3. Nc3 Bg7 4. e4 d6 5. Be2 O-O 6. Bg5 c5 7. d5 h6 8. Bh4 e6 9. Nf3 e5 10. Nd2 Nbd7 11. a3 a6 12. b4 b6 13. Nf1 Qe8 14. Ne3 Nh7 15. g4 Bf6 16. Bg3 Bg5 17. Ng2 Kg7 18. h4 Bd8 19. Ne3 b5 20. cxb5 axb5 21. Nxb5 Qe7 22. Nc4 cxb4 23. axb4 Rxa1 24. Qxa1 Ndf6 25. Nbxd6 Bxg4 26. f3 Bh5 27. Bxe5 Kg8 28. Rg1 Nd7 29. Nf5 Qxb4+ 30. Bc3 Bxh4+ 31. Kf1 1-0


[Site "https://www.chess.com"]

[Event "Titled Tuesday Blitz May 10 Late 2022"]
[White "Manukian, Artak"]
[Black "Djokic, Mihailo"]
[WhiteFideId "13301373"]
[BlackFideId "976440"]
[WhiteElo "2415"]
[BlackElo "2202"]
[Result "0-1"]
[Round "03"]
[TimeControl "180+1"]
[Date "2022.05.11"]
[WhiteClock "0:00:13"]
[BlackClock "0:00:23"]

1. e4 c5 2. Nf3 d6 3. Bb5+ Bd7 4. Bc6 Bxc6 5. Nc3 Bb5 6. Nxb5 Nc6 7. c4 g6 8. O-O Bg7 9. d3 a6 10. Nc3 Nf6 11. Bg5 O-O 12. Qd2 Re8 13. Bh6 Bh8 14. h3 Rb8 15. a4 Qa5 16. Rfd1 e6 17. Qf4 Qc7 18. g4 Nd7 19. Ng5 Nde5 20. Qg3 f6 21. Nf3 Nxf3+ 22. Qxf3 Nd4 23. Qg3 Qb6 24. Ra2 Rbd8 25. Be3 Nc6 26. f4 Bg7 27. f5 exf5 28. gxf5 g5 29. h4 h6 30. Kg2 Nb4 31. Raa1 Nxd3 32. Rxd3 Qxb2+ 33. Kf3 Qxa1 34. hxg5 hxg5 35. Nd5 Qf1+ 36. Bf2 Qxd3+ 0-1


[Site "https://www.chess.com"]

[Event "Titled Tuesday Blitz May 10 Late 2022"]
[White "Marin Masis, Jose Esteban"]
[Black "Hardaway, Brewington"]
[WhiteFideId "6508146"]
[BlackFideId "30941849"]
[WhiteElo "1710"]
[BlackElo "1768"]
[Result "0-1"]
[Round "03"]
[TimeControl "180+1"]
[Date "2022.05.11"]
[WhiteClock "0:00:03"]
[BlackClock "0:01:00"]

1. e4 e6 2. d4 d5 3. Nc3 Nf6 4. e5 Nfd7 5. f4 c5 6. Nf3 Nc6 7. Be3 cxd4 8. Nxd4 Bb4 9. a3 Bc5 10. Qd2 Qe7 11. O-O-O f6 12. Nf5 Bxe3 13. Nxe3 d4 14. Nb5 dxe3 15. Nd6+ Kf8 16. Qxe3 Nb6 17. Bb5 Nd5 18. Qf2 Bd7 19. Bc4 Kg8 20. Rxd5 exd5 21. Bxd5+ Be6 22. Nf5 Qd7 23. Bxe6+ Qxe6 24. Nd4 Nxd4 25. Qxd4 fxe5 26. fxe5 Re8 27. Re1 h6 28. Qxa7 Kh7 29. Qxb7 Rhf8 30. Qe4+ Kg8 31. c4 Rc8 32. b3 Rf2 33. Kb1 Rd8 34. Rc1 Rdd2 35. Rc2 Rxc2 36. Qxc2 Rxc2 37. Kxc2 Qxe5 0-1


[Site "https://www.chess.com"]

[Event "Titled Tuesday Blitz May 10 Late 2022"]
[White "Martic, Ivan"]
[Black "Novikova, Galina"]
[WhiteFideId "929301"]
[BlackFideId "4157095"]
[WhiteElo "2317"]
[BlackElo "1863"]
[Result "1-0"]
[Round "03"]
[TimeControl "180+1"]
[Date "2022.05.11"]
[WhiteClock "0:00:22"]
[BlackClock "0:00:02"]

1. c4 e6 2. Nc3 f5 3. g3 Nf6 4. d4 Be7 5. Bg2 O-O 6. Nh3 d6 7. O-O a5 8. e4 e5 9. exf5 exd4 10. Qxd4 Nc6 11. Qd3 Nb4 12. Qb1 Ng4 13. Be4 c6 14. a3 d5 15. cxd5 cxd5 16. Rd1 Na6 17. Nxd5 Qe8 18. Nxe7+ Qxe7 19. Bf4 Rd8 20. Qa2+ Kh8 21. Bg5 Rxd1+ 22. Rxd1 Nf6 23. Qc4 Nc5 24. Bb1 b5 25. Qd4 Bb7 26. Nf4 Qf7 27. Qxc5 Ne4 28. Bxe4 Bxe4 29. Qe5 Bb7 30. f6 1-0


[Site "https://www.chess.com"]

[Event "Titled Tuesday Blitz May 10 Late 2022"]
[White "Martinez Alcantara, Jose Eduardo"]
[Black "Leiva, Gianmarco"]
[WhiteFideId "3805662"]
[BlackFideId "3804399"]
[WhiteElo "2690"]
[BlackElo "2323"]
[Result "1-0"]
[Round "03"]
[TimeControl "180+1"]
[Date "2022.05.10"]
[WhiteClock "0:00:39"]
[BlackClock "0:00:02"]

1. e4 c6 2. d4 d5 3. e5 Bf5 4. h4 h5 5. Bd3 Bxd3 6. Qxd3 Qa5+ 7. b4 Qa6 8. e6 Qxd3 9. cxd3 fxe6 10. Nd2 Nh6 11. Ndf3 Nf7 12. Nh3 Nd7 13. Nf4 e5 14. Ng6 exd4 15. Nxh8 Nxh8 16. Nxd4 e5 17. Nc2 a5 18. bxa5 Rxa5 19. O-O Ng6 20. g3 Ra4 21. Rd1 Nf6 22. a3 Kd7 23. Rb1 Kc7 24. d4 e4 25. Rb3 Bd6 26. Bd2 Rc4 27. Ne3 Ra4 28. Rdb1 b5 29. Bb4 Bxb4 30. axb4 Ne7 31. Rc3 Kd6 32. Rb2 g6 33. Nc2 Nf5 34. Rb1 Ng4 35. Rc1 Ngh6 36. Rd1 Nf7 37. Ra3 Nd8 38. Rxa4 bxa4 39. Ra1 Ne6 40. Rxa4 Nexd4 41. Nxd4 Nxd4 42. Kf1 Nc2 43. Ke2 d4 44. Kd2 d3 45. b5 e3+ 46. fxe3 cxb5 47. Ra6+ Ke5 48. Rb6 Nb4 49. Rxb5+ Nd5 50. Kxd3 Kd6 51. Kd4 Ne7 52. Rb6+ Kd7 53. Ke5 Nf5 54. Rxg6 Nxe3 55. Rg5 Ke7 56. Ke4 Nf1 57. Kf4 Kf7 58. Rxh5 Nd2 59. Rc5 Nb3 60. Rd5 Nc1 61. Ke3 Nb3 62. Rb5 Nc1 63. Rb2 1-0


[Site "https://www.chess.com"]

[Event "Titled Tuesday Blitz May 10 Late 2022"]
[White "Martinez Reyes, Pedro Ramon"]
[Black "Aksu, Vedat Ali"]
[WhiteFideId "3901807"]
[BlackFideId "6304320"]
[WhiteElo "2410"]
[BlackElo "2192"]
[Result "1-0"]
[Round "03"]
[TimeControl "180+1"]
[Date "2022.05.11"]
[WhiteClock "0:01:07"]
[BlackClock "0:00:35"]

1. b4 b6 2. Bb2 Bb7 3. Nf3 Nf6 4. g3 e6 5. a3 c5 6. Bg2 Qc7 7. O-O h5 8. h4 Nc6 9. e3 Bd6 10. Nc3 a6 11. Qe2 Ng4 12. Ne4 cxb4 13. Nxd6+ Qxd6 14. axb4 O-O 15. b5 axb5 16. Qxb5 Qc7 17. Qxh5 Nf6 18. Qg5 Ne8 19. Rxa8 Bxa8 20. Ra1 Bb7 21. h5 f6 22. Qg6 Ne7 23. Qg4 Kf7 24. Bc3 Rh8 25. Ra7 Kf8 26. Nh4 Nd6 27. Bb4 Qb8 28. Bxd6 Qxa7 29. Ng6+ Ke8 30. Nxh8 Bxg2 31. Qxg7 1-0


[Site "https://www.chess.com"]

[Event "Titled Tuesday Blitz May 10 Late 2022"]
[White "Melikhov, Evgeny V."]
[Black "Marin Ramirez, Gerardo"]
[WhiteFideId "4122046"]
[BlackFideId "3901068"]
[WhiteElo "1931"]
[BlackElo "1920"]
[Result "0-1"]
[Round "03"]
[TimeControl "180+1"]
[Date "2022.05.11"]
[WhiteClock "0:00:14"]
[BlackClock "0:00:04"]

1. d4 d5 2. c4 c6 3. Nc3 Nf6 4. e3 e6 5. Nf3 Nbd7 6. Bd3 dxc4 7. Bxc4 b5 8. Bd3 a6 9. e4 Bb7 10. O-O c5 11. d5 c4 12. dxe6 fxe6 13. Bc2 Nc5 14. Qe2 Qc7 15. e5 Nd5 16. Ng5 O-O-O 17. a4 b4 18. Nxd5 Bxd5 19. a5 h6 20. Nf3 Be7 21. Be3 Kb7 22. Rfd1 Rhf8 23. Bxc5 Bxc5 24. Be4 g5 25. h3 h5 26. Bxd5+ exd5 27. e6 g4 28. hxg4 hxg4 29. e7 Qxe7 30. Qxe7+ Bxe7 31. Ne5 g3 32. f3 Bc5+ 33. Kf1 Rh8 34. Nf7 Rh1+ 35. Ke2 Re8+ 36. Kd2 Rh2 37. Rg1 Bxg1 38. Nd6+ Kc6 39. Nxe8 Rxg2+ 40. Ke1 Bd4 41. Rd1 Rg1+ 42. Ke2 Rxd1 43. Kxd1 g2 44. Ke2 g1=Q 45. f4 Qe3+ 46. Kd1 Qxe8 47. Kc2 Qf7 48. Kb1 Qxf4 49. Ka2 Qd2 0-1


[Site "https://www.chess.com"]

[Event "Titled Tuesday Blitz May 10 Late 2022"]
[White "Melikyan, Gnel"]
[Black "Bouget, Alexandre"]
[WhiteFideId "54109990"]
[BlackFideId "681318"]
[WhiteElo "1772"]
[BlackElo "2182"]
[Result "1-0"]
[Round "03"]
[TimeControl "180+1"]
[Date "2022.05.11"]
[WhiteClock "0:00:15"]
[BlackClock "0:00:09"]

1. Nf3 Nc6 2. e4 e5 3. Bb5 a6 4. Bxc6 dxc6 5. O-O f6 6. d4 Bg4 7. dxe5 Qxd1 8. Rxd1 fxe5 9. Be3 Ne7 10. Nbd2 Ng6 11. h3 Be6 12. Ng5 Bg8 13. Nb3 h6 14. Nf3 b6 15. Bd2 O-O-O 16. Bc3 Bd6 17. Nbd2 Be6 18. Nf1 Rhf8 19. Kh2 Rxf3 20. gxf3 Rf8 21. Rd3 Nf4 22. Kg3 Nxh3 23. Rad1 Nf4 24. Rxd6 cxd6 25. Rxd6 Ne2+ 26. Kg2 Nxc3 27. Rxe6 Ne2 28. Rxc6+ Kb7 29. Rd6 Kc7 30. Rd2 Nd4 31. Nh2 h5 32. c3 Ne6 33. Kg3 g5 34. Rd5 h4+ 35. Kg4 Rf4+ 36. Kh3 g4+ 37. Nxg4 Rxf3+ 38. Kxh4 Nf4 39. Rxe5 Nd3 40. Rf5 Rxf5 41. exf5 Kd7 42. Kg5 Ke8 43. f6 Nxb2 44. Kg6 Kf8 45. Ne5 Na4 46. Nd7+ Ke8 47. f7+ Kxd7 48. f8=Q Nxc3 49. Qg7+ 1-0


[Site "https://www.chess.com"]

[Event "Titled Tuesday Blitz May 10 Late 2022"]
[White "Moral Garcia, Serafin"]
[Black "Stanisz, Patryk"]
[WhiteFideId "2201925"]
[BlackFideId "1123106"]
[WhiteElo "2228"]
[BlackElo "1833"]
[Result "0-1"]
[Round "03"]
[TimeControl "180+1"]
[Date "2022.05.11"]
[WhiteClock "0:01:15"]
[BlackClock "0:00:22"]

1. e4 c5 2. Nf3 Nc6 3. Bb5 g6 4. O-O Bg7 5. Re1 Nf6 6. e5 Nd5 7. Nc3 Nxc3 8. dxc3 O-O 9. Bg5 Re8 10. Qd5 Qc7 11. Rad1 b6 12. Bf4 e6 13. Qe4 Bb7 14. Qe3 a6 15. Bf1 Ne7 16. g4 Nd5 17. Qd2 Nxf4 18. Qxf4 Bxf3 19. Qxf3 Bxe5 20. h4 d5 21. g5 Bg7 22. Qg4 b5 23. Bd3 c4 24. Bf1 a5 25. Re3 b4 26. Rh3 bxc3 27. bxc3 Qe5 28. h5 Qf5 29. Qxf5 gxf5 30. Rg3 Rab8 31. g6 fxg6 32. hxg6 hxg6 33. Rxg6 Kf7 34. Rg3 Rb2 35. Be2 Rg8 36. Bh5+ Kf8 37. Re1 e5 38. Rg5 Bf6 39. Rxg8+ Kxg8 40. Rd1 d4 41. Be2 d3 42. Bf1 Rxc2 0-1


[Site "https://www.chess.com"]

[Event "Titled Tuesday Blitz May 10 Late 2022"]
[White "Mortazavi, Ali"]
[Black "Yuan, Qingyu"]
[WhiteFideId "401323"]
[BlackFideId "8609772"]
[WhiteElo "2339"]
[BlackElo "2359"]
[Result "0-1"]
[Round "03"]
[TimeControl "180+1"]
[Date "2022.05.10"]
[WhiteClock "0:00:03"]
[BlackClock "0:00:04"]

1. Nf3 d5 2. g3 c5 3. Bg2 Nc6 4. O-O e5 5. d3 Be7 6. Nbd2 Be6 7. e4 d4 8. Nc4 Qc7 9. a4 h5 10. h4 Nh6 11. Bxh6 Rxh6 12. c3 f6 13. cxd4 cxd4 14. Rc1 O-O-O 15. a5 Kb8 16. a6 b6 17. Qa4 Bd7 18. Qb3 Ka8 19. Rc2 Nb4 20. Rcc1 Bc5 21. Ncxe5 fxe5 22. Qxb4 Qd6 23. Qd2 Rg6 24. Ng5 Rf8 25. Rc4 b5 26. Rc2 Bb4 27. Qc1 Qxa6 28. Qd1 Bg4 29. Qc1 Bd7 30. Qd1 Bg4 31. Qc1 Ba5 32. Rc5 Rc8 33. Qc2 Rgc6 34. Rxc6 Qxc6 35. Qb3 Kb7 36. f4 Bd2 37. fxe5 Be3+ 38. Kh1 Kb6 39. Ra1 a5 40. Kh2 a4 41. Qf7 Rc7 42. Qf8 Qc5 43. Qb8+ Rb7 44. Qd8+ Qc7 45. Qd5 Qc5 46. e6 Re7 47. Rf1 Rc7 48. Rf7 Qc1 49. Qd6+ Rc6 50. Qb8+ Ka5 51. Ra7+ Kb4 52. Qf8+ Kb3 53. Qf1 Qxb2 54. e7 Rc1 55. Qxc1 Qxc1 56. Nf3 Bxf3 57. Kh3 Bxg2+ 58. Kxg2 Qd2+ 59. Kh3 Qd1 60. Ra6 Qh1# 0-1


[Site "https://www.chess.com"]